AoeStats
← azimkhan1545

Arabian Desert

510172215Analyzed
1v1 RM · 2d ago on Sep 29, 2026· 56m 26s· 2 players
Game mode
Random Map
Map size
Tiny (2 player)
Population
200
Speed
Normal
Resources
Standard
Victory
Conquest
Starting age
Dark Age
Ending age
Imperial Age
RankedLock teamsTeams togetherTeam positionsShared explorationLock speedFull tech treeHidden civsTurbo modeCheats
Victory
Defeat
🇨🇿 Byzantines · Czechia
725
+15
🇺🇿 Byzantines · Uzbekistan
712
-18
azimkhan1545
10:03 Loom
12:18 Feudal Age
15:40 Double-Bit Axe
20:54 Man-at-Arms
23:09 Forging
22:59 Scale Mail Armor
24:23 Wheelbarrow
23:58 Gold Mining
27:47 Scale Barding Armor
30:23 Castle Age
29:33 Horse Collar
29:46 Stone Mining
31:08 Husbandry
31:21 Pikeman
32:02 Squires
37:19 Chain Barding Armor
44:16 Imperial Age
42:49 Padded Archer Armor
42:41 Fletching
44:31 Bow Saw
46:21 Plate Barding Armor
46:29 Iron Casting
45:39 Treadmill Crane
49:09 Chemistry
Puck
0:27 Loom
13:07 Feudal Age
14:12 Double-Bit Axe
14:22 Horse Collar
16:43 Man-at-Arms
24:19 Castle Age
24:21 Forging
24:12 Scale Mail Armor
24:12 Padded Archer Armor
24:03 Fletching
24:57 Elite Skirmisher
25:59 Bow Saw
27:01 Chain Mail Armor
27:22 Iron Casting
30:50 Scale Barding Armor
31:01 Leather Archer Armor
32:33 Heavy Plow
33:19 Wheelbarrow
36:07 Imperial Age
33:50 Husbandry
35:17 Bodkin Arrow
36:20 Hand Cart
39:05 Plate Mail Armor
38:56 Chain Barding Armor
40:25 Conscription
39:55 Pikeman
42:36 Crop Rotation
43:17 Halberdier
46:57 Cavalier
46:58 Light Cavalry
48:42 Fortified Wall
48:27 Murder Holes
48:53 Ballistics
49:34 Chemistry
50:07 Squires
50:18 Thumb Ring
49:34 Crossbowman
50:58 Hussar
52:40 Plate Barding Armor
56:12 Paladin
Connection lost

Rejoining the realm…

Still unreachable

The connection could not be restored.

Session expired

The server has moved on; the page needs a fresh start.